 Dungeon Crawl Stone Soup version 0.19.1-1-g22dce08 (webtiles) character file.

302 Jynx the Covert (level 6, 0/41 HPs)
             Began as a Vampire Enchanter on Jan 9, 2017.
             Killed from afar by loom's ghost (25 damage)
             ... with an orb of energy
             ... on level 4 of the Dungeon.
             The game lasted 00:07:26 (3382 turns).

Jynx the Covert (Vampire Enchanter)                 Turns: 3382, Time: 00:07:27

Health: 0/41       AC:  4    Str:  7    XL:     6   Next: 14%
Magic:  6/18       EV: 13    Int: 18    God:
Gold:   111        SH:  0    Dex: 16    Spells: 3 memorised, 3 levels left

rFire  . . .     SeeInvis +     j - +2 dagger (protect)
rCold  + . .     Gourm    .     b - +1 robe
rNeg   + + .     Faith    .     (no shield)
rPois  +         Spirit   .     (no helmet)
rElec  .         Reflect  .     (no cloak)
rCorr  .         Harm     .     i - +0 pair of gloves
MR     .....                    (no boots)
Stlth  +++++.....               (no amulet)
                                (no ring)
                                o - ring of magical power

@: regenerating slowly
A: fangs 3, see invisible, unbreathing
a: Bat Form


You were on level 4 of the Dungeon.
You were thirsty.

You visited 1 branch of the dungeon, and saw 4 of its levels.

You collected 111 gold pieces.

Inventory:

Hand Weapons
 j - a +2 dagger of protection (weapon)
Armour
 b - a +1 robe (worn)
 i - a +0 pair of gloves (worn)
Jewellery
 o - a ring of magical power (left hand)
Scrolls
 a - a scroll of remove curse
 h - a scroll of magic mapping
 k - 2 scrolls of teleportation
 p - 2 scrolls of recharging
Potions
 d - a potion of invisibility {unknown}
 e - 4 potions of curing
 f - a potion of magic
 g - a potion of agility
 l - 2 potions of might {unknown}
 m - a potion of brilliance {unknown}
 n - 2 potions of cure mutation {unknown}
 q - 4 potions of flight {unknown}
Books
 c - a book of Maledictions

   Spells                             Type                      Level
   a - Corona                         Hexes                        1
   b - Ensorcelled Hibernation        Hexes/Ice                    2
   c - Confuse                        Hexes                        3
   d - Tukima's Dance                 Hexes                        3
   e - Dazzling Spray                 Conjuration/Hexes            3
 r - a book of Cantrips

   Spells                             Type                      Level
   a - Confusing Touch                Hexes                        1
   b - Animate Skeleton               Necromancy                   1
   c - Summon Small Mammal            Summoning                    1
   d - Apportation                    Translocation                1


   Skills:
 + Level 3.1 Short Blades
 - Level 2.1 Dodging
 * Level 8.4 Stealth
 - Level 2.0 Spellcasting
 + Level 6.3 Hexes


You had 3 spell levels left.
You knew the following spells:

 Your Spells              Type           Power        Failure   Level  Hunger
a - Corona                Hex            ###....      1%          1    #......
b - Ensorcelled Hibernat  Hex/Ice        ##....       10%         2    ###....
c - Confuse               Hex            ###.....     4%          3    ###....


Dungeon Overview and Level Annotations

Branches:
Dungeon (4/15)
 Temple: D:4-7

Altars:
Cheibriados
The Shining One

Annotations:
D:4 loom's ghost, novice DECj


Innate Abilities, Weirdness & Mutations

You heal slowly.
You have razor-sharp teeth.
You have supernaturally acute eyesight. (SInv)
You can survive without breathing.


Message History

Press: ? - help, Shift-Dir - straight line, f/p - loom's ghost
Aim: loom's ghost, wielding a weapon of flaming (lightly damaged, chance to defeat MR: 31%) Loom's ghost easily resists.
Loom's ghost misses you.
Casting: Confuse
Confirm with . or Enter, or press ? or * to list all spells.
Aiming: Confuse
Press: ? - help, Shift-Dir - straight line, f/p - loom's ghost
Aim: loom's ghost, wielding a weapon of flaming (lightly damaged, chance to defeat MR: 31%) Loom's ghost easily resists.
Loom's ghost hits you but does no damage.
Casting: Confuse
Confirm with . or Enter, or press ? or * to list all spells.
Aiming: Confuse
Press: ? - help, Shift-Dir - straight line, f/p - loom's ghost
Aim: loom's ghost, wielding a weapon of flaming (lightly damaged, chance to defeat MR: 31%) Loom's ghost easily resists.
Loom's ghost casts a spell at you. The orb of energy hits you!
Ouch! That really hurt!
You die...

.>.....##.....##.....#.#
#.####.####_####..#..#.# #.#
#.#########..#รท.#.# #.#
#<..#####....#..#.# #.#
#)................# ##### #.#
#.....####.####...# #....
#.####.................######....
...............W............'....
###.##..........@..#.#.######....
###.##......#.......<#..# #....
[...##......#.###.####..# #....
.#####......#.##........## #....
.# #......#.#########..# #.... .#
#.................#.# #.... .#
#.....##.########.#.# ###+#
.#####........# #.#.##
......(###.#### #.#..#


You could see loom's ghost.

Vanquished Creatures
  Ijyb (D:3)
  4 orc wizards
  2 iguanas (D:4)
  5 adders
  A worm (D:3)
  3 leopard geckos
  9 orcs
  2 ball pythons
  2 giant cockroaches
  7 goblins
  8 hobgoblins
  4 kobolds
  2 bats
  3 frilled lizards
  9 rats
62 creatures vanquished.

Notes
Turn   | Place    | Note
-------+----------+-------------------------------------------
     0 | D:1      | Jynx the Vampire Enchanter began the quest for the Orb.
     0 | D:1      | Reached XP level 1. HP: 13/13 MP: 3/3
   631 | D:1      | Reached skill level 5 in Stealth
   693 | D:1      | Reached XP level 2. HP: 19/19 MP: 5/5
   714 | D:1      | Learned a level 2 spell: Ensorcelled Hibernation
  1249 | D:2      | Found a snail-covered altar of Cheibriados.
  1335 | D:2      | Reached XP level 3. HP: 23/24 MP: 6/6
  1340 | D:2      | Learned a level 3 spell: Confuse
  1370 | D:2      | Reached skill level 6 in Stealth
  1542 | D:2      | Reached skill level 5 in Hexes
  1721 | D:3      | Noticed Ijyb
  1892 | D:3      | Killed Ijyb
  1892 | D:3      | Reached XP level 4. HP: 30/30 MP: 7/7
  2446 | D:3      | Reached skill level 7 in Stealth
  2458 | D:3      | Reached XP level 5. HP: 27/35 MP: 8/8
  2994 | D:4      | Reached skill level 8 in Stealth
  3095 | D:4      | Noticed loom's ghost (novice DECj)
  3140 | D:4      | Found a glowing golden altar of the Shining One.
  3142 | D:4      | Reached XP level 6. HP: 41/41 MP: 9/9
  3382 | D:4      | Killed from afar by loom's ghost

Skill      XL: |  1  2  3  4  5 |
---------------+----------------+-----
Stealth        | 5 6 7 8 |  8.4
Hexes          | 5 6 |  6.3
Short Blades   | 2 3 |  3.1
Dodging        | |  2.1
Spellcasting   | |  2.0

Action                   |  1- 3 |  4- 6 || total
-------------------------+-------+-------++-------
Melee: Dagger            |    86 |   118 ||   204
       Bite              |     6 |     8 ||    14
 Cast: Ensorcelled Hiber |     8 |    21 ||    29
       Confuse           |       |     5 ||     5
 Abil: End Transformatio |     1 |       ||     1
       Bat Form          |     1 |       ||     1
  Use: Scroll            |     9 |     2 ||    11
 Stab: Sleeping          |    13 |    15 ||    28
       Distracted        |       |     1 ||     1
  Eat: Corpse            |     4 |     4 ||     8
Armor: Robe              |    17 |    22 ||    39
Dodge: Dodged            |    50 |    64 ||   114
